 Dungeon Crawl Stone Soup version 0.31-a0-187-gba352fbbf7 (webtiles) character file.

Game seed: 1801342322124591970

22 qw the Shooter (level 2, -3/16 HPs)
             Began as a Deep Elf Hunter on June 22, 2023.
             Slain by Terence
             ... wielding a +0 mace
              (7 damage)
             ... on level 2 of the Dungeon.
             The game lasted 00:00:12 (821 turns).

qw the Shooter (Deep Elf Hunter)                     Turns: 821, Time: 00:00:13

Health: -3/16      AC:  3    Str:  8    XL:     2   Next: 68%
Magic:  4/4        EV: 12    Int: 13    God:
Gold:   66         SH:  0    Dex: 18    Spells: 1/1 levels left

rFire   . . .        Y - +0 shortbow
rCold   . . .        (shield currently unavailable)
rNeg    . . .        c - +0 leather armour
rPois   .            (no helmet)
rElec   .            (no cloak)
rCorr   .            (no gloves)
SInv    .            (no boots)
Will    .....        (no amulet)
Stlth   ++           (no ring)
HPRegen 0.22/turn    (no ring)
MPRegen 0.09/turn

%: no passive effects
@: no status effects
A: no striking features
a: no special abilities


You were on level 2 of the Dungeon.
You visited 1 branch of the dungeon, and saw 2 of its levels.

You collected 66 gold pieces.


   Skills:
 - Level 1.5 Fighting
 + Level 6.4 Ranged Weapons
 - Level 2.4 Dodging
 - Level 1.2 Stealth


You had one spell level left.
You didn't know any spells.
Your spell library was empty.

Inventory:

Hand Weapons
 Y - a +0 shortbow (weapon)
Armour
 b - a +0 ring mail
 c - a +0 leather armour (worn)
Scrolls
 a - a scroll of identify

Dungeon Overview and Level Annotations

Branches:
Dungeon (2/15)

Altars:

Annotations:
D:2 Terence


Message History

Found a pair of encrusted gloves.
Terence shouts!
A bat comes into view.
The bat moves out of view.
You shoot an arrow. The arrow hits Terence.
Terence is lightly wounded.
A ball python comes into view.
You shoot an arrow. The arrow barely misses Terence.
The ball python hisses angrily.
You shoot an arrow. The arrow closely misses Terence.
The arrow hits the ball python.
You kill the ball python!
You shoot an arrow.
The arrow hits Terence but does no damage.
Terence is lightly wounded.
The bat hits you.
You shoot an arrow. The arrow barely misses the bat.
The arrow hits Terence.
Terence is moderately wounded.
The bat hits you but does no damage. The bat misses you.
You shoot an arrow. The arrow hits the bat!
You kill the bat!
You shoot an arrow.
The arrow hits Terence but does no damage.
Terence is moderately wounded.
Terence barely misses you.
You shoot an arrow. The arrow barely misses Terence.
Terence asks, "Do you want it fast or slow?"
Terence hits you with a +0 mace.
You shoot an arrow.
The arrow hits Terence but does no damage.
Terence is moderately wounded.
Terence barely misses you.
You shoot an arrow. The arrow hits Terence!
Terence is severely wounded.
Terence hits you with a +0 mace!
Ouch! That really hurt!
You shoot an arrow. The arrow hits Terence.
Terence is almost dead.
Terence hits you with a +0 mace. Terence hits you with a +0 mace!
You die...

###### ##.#..#####
##.......... .
###..#..#####. ...
#..<###....####
.....#####.####<........
[%....@@..).............
.....####..####.........
... #.## #.....%... .
#.# ##.####.#. #.# #.#
.# ... #.# # ... #.#
#... ..# ..


You could see Terence.

Vanquished Creatures
  2 ball pythons (D:2)
  A bat (D:2)
  4 endoplasms (D:1)
  A giant cockroach (D:1)
  A goblin (D:1)
  2 jackals (D:1)
  2 kobolds
  2 quokkas (D:1)
  2 frilled lizards (D:1)
17 creatures vanquished.

Notes
Turn   | Place    | Note
-------+----------+-------------------------------------------
     0 | D:1      | qw the Deep Elf Hunter began the quest for the Orb.
     0 | D:1      | Reached XP level 1. HP: 12/12 MP: 3/3
     0 | D:1      | 0 ||| qw: Version: 0.3-a-9-g12657ce
     0 | D:1      | 0 ||| qw: Game counter: 2629
     0 | D:1      | 0 ||| qw: Always use a shield: true
     0 | D:1      | 0 ||| qw: God list: Okawaru
     0 | D:1      | 0 ||| qw: Allow faded altars: false
     0 | D:1      | 0 ||| qw: Do Orc after D:15 true
     0 | D:1      | 0 ||| qw: Do second Lair branch before Depths: true
     0 | D:1      | 0 ||| qw: Lair rune preference: random
     0 | D:1      | 0 ||| qw: Plans: Normal
     0 | D:1      | 0 ||| PLANNING D:1-11
   308 | D:1      | Reached XP level 2. HP: 16/16 MP: 4/4
   318 | D:1      | Found a faded altar of an unknown god.
   390 | D:1      | Reached skill level 6 in Ranged Weapons
   765 | D:1      | 765 ||| READING 2 scrolls labelled BUNOODGH WUSEME.
   766 | D:1      | 766 ||| READING scroll labelled DOESSI ZUKLO.
   770 | D:1      | 770 ||| DROPPING scroll of butterflies.
   810 | D:2      | Noticed Terence
   821 | D:2      | HP: 4/16 [Terence/+0 mace (3)]
   821 | D:2      | Slain by Terence

Levels and vault maps discovered:
D:1:      lightli_arrival_isolated_outpost, layout_basic,
          shapermc_ecumenical_altar_totnotflames, kennysheep_another_room
D:2:      layout_rooms, basic_altar, uniq_robin, uniq_terence

Skill      XL: |  1  2 |
---------------+-------+-----
Ranged Weapons | 6 |  6.4
Fighting       | |  1.5
Dodging        | |  2.4
Stealth        | |  1.2

Action                     || total
---------------------------++-------
   Fire: Shortbow          ||    50
    Use: Scroll            ||     2
 Armour: Leather armour    ||     4
  Dodge: Dodged            ||     8

Table legend:
 A = Non-vault XP
 B = Vault XP
 C = Vault XP percentage of total XP
 D = Non-vault monster count
 E = Vault monster count
 F = Vault count percentage of total count
                 A         B        C        D         E       F
            +---------+---------+-------+---------+---------+-------
      Total |      32 |       0 |   0.0 |      17 |       0 |   0.0
            +---------+---------+-------+---------+---------+-------
        D:1 |      24 |       0 |   0.0 |      13 |       0 |   0.0
        D:2 |       8 |       0 |   0.0 |       4 |       0 |   0.0
            +---------+---------+-------+---------+---------+-------
